 Dungeon Crawl Stone Soup version 0.31.0-11-ge490571c62 (webtiles) character file.

Game seed: 736035409400871401

51 stipulation the Grave Robber (level 3, -8/16 HPs)
             Began as a Vine Stalker Necromancer on Jan 28, 2024.
             Mangled by a gnoll
             ... wielding a +0 halberd
              (12 damage)
             ... on level 2 of the Dungeon.
             The game lasted 00:01:22 (1228 turns).

stipulation the Grave Robber (VSNe)                 Turns: 1228, Time: 00:01:22

Health: -8/16      AC:  2    Str: 10    XL:     3   Next: 81%
Magic:  0/8        EV: 12    Int: 17    God:
Gold:   74         SH:  0    Dex: 14    Spells: 7/8 levels left

rFire   . . .        f - +0 mace
rCold   . . .        (no shield)
rNeg    . . .        a - +0 robe
rPois   .            (no helmet)
rElec   .            (no cloak)
rCorr   .            (no gloves)
SInv    .            (no boots)
Will    .....        (no amulet)
Stlth   ++           (no ring)
HPRegen 1.02/turn    (no ring)
MPRegen 0.11/turn

%: guardian spirit
@: no status effects
A: fangs 2, regeneration 1, magic shield, antimagic bite, no potion heal 2
a: no special abilities


You were on level 2 of the Dungeon.
You visited 1 branch of the dungeon, and saw 2 of its levels.

You collected 74 gold pieces.

Inventory:

Hand Weapons
 f - a +0 mace (weapon)
Armour
 a - a +0 robe (worn)
Scrolls
 d - a scroll of fog {unknown}
 e - 2 scrolls of blinking {unknown}
 i - 3 scrolls of identify {unknown}
 j - a scroll of fear {unknown}
 k - a scroll of teleportation {unknown}
Potions
 b - a potion of magic
 c - a potion of degeneration {unknown}
 g - a potion of attraction {unknown}
 h - a potion of brilliance {unknown}


   Skills:
 - Level 1.5 Dodging
 - Level 2.4 Stealth
 + Level 3.3 Spellcasting
 + Level 4.7 Necromancy


You had 7 spell levels left.
You knew the following spells:

 Your Spells              Type           Power      Damage    Failure   Level
a - Necrotise             Necr           72%        1d7       2%          1

Your spell library contained the following spells:

 Spells                   Type           Power      Damage    Failure   Level
 Vampiric Draining        Necr           18%        2d7       8%          3
 Foxfire                  Conj/Fire      8%         2x1d4     17%         1
 Animate Dead             Necr           18%        N/A       24%         4
 Curse of Agony           Necr           18%        N/A       56%         5
 Plasma Beam              Fire/Air       1%         2x1d11    100%        6
 Starburst                Conj/Fire      1%         6d3       100%        6


Dungeon Overview and Level Annotations

Branches:
Dungeon (2/15)

Altars:

Shops:
D:1 ?


Innate Abilities, Weirdness & Mutations

You have extremely sharp teeth.
Your natural rate of healing is unusually fast.
When hurt, damage is shared between your health and your magic reserves.
Your bite disrupts and absorbs the magic of your enemies.
Potions cannot restore your health.


Message History

k - a scroll labelled APADDU GYCA You now have 74 gold pieces (gained 16).
A gnoll comes into view. It is wielding a +0 flail.
A gnoll is nearby!
A gnoll is nearby!
You can't see any susceptible monsters within range! (Use Z to cast anyway.)
You can't see any susceptible monsters within range! (Use Z to cast anyway.)
A gnoll comes into view. It is wielding a +0 flail.
The gnoll barely resists.
The gnoll writhes in agony!
The gnoll writhes in agony!
You kill the gnoll!
The dead are walking!
You can't see any susceptible monsters within range! (Use Z to cast anyway.)
You can't see any susceptible monsters within range! (Use Z to cast anyway.)
A gnoll comes into view. It is wielding a +0 halberd.
Your gnoll skeleton hits the gnoll.
The gnoll shouts!
The gnoll barely misses your gnoll skeleton.
The gnoll hits your gnoll skeleton with a +0 flail.
Your gnoll skeleton hits the gnoll but does no damage.
The gnoll hits your gnoll skeleton with a +0 halberd!
Your gnoll skeleton is destroyed!
A rat comes into view.
The rat squeaks loudly.
The rat writhes in agony!
You kill the rat!
The gnoll writhes in agony.
The gnoll writhes in agony.
The gnoll barely resists.
The gnoll hits you with a +0 flail.
You are too injured to fight recklessly!
You are too injured to fight recklessly!
You hit the gnoll.
You kill the gnoll!
The gnoll hits you from afar with a +0 halberd!
Ouch! That really hurt!
* * * LOW HITPOINT WARNING * * *
The gnoll hits you from afar with a +0 halberd!
Ouch! That really hurt!
You die...

###.####..#
#.......#
#####...#
#...# #...#
#...# #...#
#...#########
#.....g)@Z..#
#...######...#
#)..# #....
#...# ###
#..g# ..g.#
.###.. .. #..


You could see a gnoll (ally target) and a friendly rat skeleton.

Vanquished Creatures
  2 gnolls (D:2)
  A dart slug (D:2)
  4 endoplasms (D:1)
  2 giant cockroaches (D:1)
  2 goblins
  4 hobgoblins
  7 jackals (D:2)
  A quokka (D:1)
  4 ball pythons
  4 bats (D:1)
  2 kobolds (D:2)
  A rat (D:2)
34 creatures vanquished.

Vanquished Creatures (collateral kills)
  A ball python (D:1)
1 creature vanquished.

Grand Total: 35 creatures vanquished

Notes
Turn   | Place    | Note
-------+----------+-------------------------------------------
     0 | D:1      | stipulation the Vine Stalker Necromancer began the quest
                  | for the Orb.
     0 | D:1      | Reached XP level 1. HP: 9/9 MP: 4/4
    25 | D:1      | Found Douno's Magic Scroll Emporium.
   204 | D:1      | Reached XP level 2. HP: 13/13 MP: 1/6
   918 | D:2      | Reached XP level 3. HP: 16/16 MP: 2/8
  1228 | D:2      | Mangled by a gnoll

Illustrated notes

Levels and vault maps discovered:
D:1:      lightli_arrival_maybe_door_vault, layout_loops_ring, serial_shops,
          shop, minivault_26
D:2:      layout_loops_ring

Skill      XL: |  1  2  3 |
---------------+----------+-----
Spellcasting   | 3 |  3.3
Dodging        | |  1.5
Stealth        | |  2.4
Necromancy     | |  4.7

Action                     || total
---------------------------++-------
  Melee: Mace              ||    23
         Bite              ||     7
         Unarmed           ||     2
   Cast: Necrotise         ||    48
   Stab: Sleeping          ||     1
 Armour: Robe              ||    21
  Dodge: Dodged            ||    26
